 Dungeon Crawl Stone Soup version 0.23.2 (webtiles) character file.

Game seed: 17076026854588477178

63 lysyklops the Covered (level 3, -3/33 HPs)
             Began as a Minotaur Fighter on Apr 4, 2019.
             Slain by Grinder (5 damage)
             ... on level 3 of the Dungeon.
             The game lasted 00:02:52 (982 turns).

lysyklops the Covered (Minotaur Fighter)             Turns: 982, Time: 00:02:53

Health: -3/33      AC:  8    Str: 21    XL:     3   Next: 89%
Magic:  2/2        EV:  7    Int:  5    God:
Gold:   129        SH:  9    Dex:  9    Spells: 2/2 levels left

rFire    . . .     SeeInvis .   a - +0 long sword
rCold    . . .     Gourm    .   c - +0 shield
rNeg     . . .     Faith    .   b - +0 scale mail
rPois    .         Spirit   .   (helmet restricted)
rElec    .         Reflect  .   (no cloak)
rCorr    .         Harm     .   q - +0 pair of gloves
MR       .....                  (no boots)
Stlth    ..........             (no amulet)
HPRegen  0.11/turn              (no ring)
MPRegen  0.08/turn              (no ring)

@: no status effects
A: retaliatory headbutt, horns 2
a: no special abilities


You were on level 3 of the Dungeon.
You were not hungry.

You visited 1 branch of the dungeon, and saw 3 of its levels.

You collected 129 gold pieces.

Inventory:

Hand Weapons
 a - a +0 long sword (weapon)
Armour
 b - a +0 scale mail (worn)
 c - a +0 shield (worn)
 q - a +0 pair of gloves (worn)
Jewellery
 i - a +4 ring of protection {unknown}
 r - an uncursed ring of protection from magic {unknown}
Scrolls
 e - a scroll of blinking {unknown}
 h - 2 scrolls of remove curse {unknown}
 j - a scroll of enchant weapon {unknown}
 l - 3 scrolls of identify {unknown}
 m - a scroll of enchant armour {unknown}
 o - a scroll of noise {unknown}
 p - a scroll of fear {unknown}
Potions
 d - 2 potions of might
 g - a potion of agility {unknown}
 k - a potion of magic {unknown}
 n - a potion of flight {unknown}
Comestibles
 f - 4 rations


   Skills:
 + Level 4.2 Fighting
 + Level 3.2 Long Blades
 + Level 4.4 Armour
 + Level 4.2 Shields


You had 2 spell levels left.
You didn't know any spells.
Your spell library was empty.

Dungeon Overview and Level Annotations

Branches:
Dungeon (3/15)

Altars:
Ru
Zin
The Shining One

Annotations:
D:3 Grinder


Innate Abilities, Weirdness & Mutations

You reflexively headbutt those who attack you in melee.
You have a pair of horns on your head.


Message History

Grinder gestures at you.
You barely resist. You closely miss Grinder. You headbutt Grinder!
Grinder is heavily wounded.
Grinder hits you but does no damage.
You closely miss Grinder.
Grinder is heavily wounded.
Grinder closely misses you. You furiously retaliate!
You headbutt Grinder. You block Grinder's attack.
You closely miss Grinder. Your headbutt misses Grinder.
Grinder is heavily wounded.
Grinder hits you.
* * * LOW HITPOINT WARNING * * *
You hit Grinder but do no damage.
Grinder is heavily wounded.
Grinder completely misses you.
You closely miss Grinder.
Grinder is heavily wounded.
Grinder hits you.
You die...

##### ##...######
#..........
#......#####
#.5@........
##..<####...
##.## #.#
#######.#####...
..............#
####.##.#####.#
#<##........
######.#...##.###


You could see Grinder.

Vanquished Creatures
  3 adders (D:2)
  2 dart slugs
  3 leopard geckos
  A giant cockroach (D:2)
  A hobgoblin (D:2)
  2 quokkas (D:2)
  3 bats
  3 frilled lizards (D:2)
  6 goblins
  5 kobolds
  3 rats (D:2)
32 creatures vanquished.

Notes
Turn   | Place    | Note
-------+----------+-------------------------------------------
     0 | D:1      | lysyklops the Minotaur Fighter began the quest for the Orb.
     0 | D:1      | Reached XP level 1. HP: 19/19 MP: 0/0
   229 | D:1      | Reached XP level 2. HP: 23/27 MP: 1/1
   493 | D:2      | Reached XP level 3. HP: 31/33 MP: 2/2
   683 | D:2      | Found a glowing golden altar of the Shining One.
   786 | D:2      | Found a glowing silver altar of Zin.
   794 | D:2      | Found a sacrificial altar of Ru.
   955 | D:3      | Noticed Grinder
   966 | D:3      | Paralysed by Grinder for 7 turns
   982 | D:3      | Slain by Grinder

Skill      XL: |  1  2 |
---------------+-------+-----
Armour         | 4 |  4.4
Fighting       | 4 |  4.2
Shields        | 4 |  4.2
Long Blades    | 3 |  3.2

Action                   || total
-------------------------++-------
Melee: Long sword        ||    86
       Headbutt          ||    12
Armor: Scale mail        ||    46
Dodge: Dodged            ||    27
Block: Shield            ||    48
       Rpst.: Long sword ||     7
